 Dungeon Sprint DCSS version 0.31-a0-16-g6d2539766c (webtiles) character file.

Game seed: 14771862148991374044

15487 sircluck the Executioner (level 12, -3/134 HPs)
             Began as a Hill Orc Berserker on May 8, 2023.
             Was the Champion of Trog.
             Slain by an orc knight
             ... wielding a +2 glaive
              (10 damage)
             ... in the Dungeon (Sprint IX: "|||||||||||||||||||||||||||||").
             The game lasted 00:05:47 (1911 turns).

sircluck the Executioner (Hill Orc Berserker)       Turns: 1911, Time: 00:05:48

Health: -3/134     AC: 23    Str: 28    XL:     12   Next: 27%
Magic:  12/12      EV: 12    Int:  7    God:    Trog [******]
Gold:   1284       SH:  0    Dex: 10    Spells: 11/11 levels left

rFire   . . .        d - +4 battleaxe
rCold   . . .        (shield currently unavailable)
rNeg    . . .        n - +1 chain mail
rPois   .            x - +0 helmet
rElec   .            y - +1 cloak
rCorr   .            l - +0 pair of gloves
SInv    .            m - +0 pair of boots
Will    .....        (no amulet) Stlth
                     o - +2 ring of protection
HPRegen 0.42/turn    p - +3 ring of strength
MPRegen 0.13/turn

%: no teleportation
@: on berserk cooldown, slowed, very slow
A: no striking features
a: Renounce Religion, Berserk, Trog's Hand, Brothers in Arms


You were in the Dungeon.
You worshipped Trog.
Trog was exalted by your worship.
You visited 1 branch You collected 1284 gold pieces.

Inventory:

Hand Weapons
 a - a +0 hand axe
 d - a +4 battleaxe (weapon)
 k - a +1 broad axe of freezing
 s - a +2 war axe of electrocution
Armour
 b - a +0 animal skin
 l - a +0 pair of gloves (worn)
 m - a +0 pair of boots (worn)
 n - a +1 chain mail (worn)
 t - a +0 scale mail
 w - a +0 cloak
 x - a +0 helmet (worn)
 y - a +1 cloak (worn)
Jewellery
 o - a +2 ring of protection (left hand)
 p - a +3 ring of strength (right hand)
Wands
 h - a wand of polymorph (1)
 j - a wand of iceblast (9)
Scrolls
 r - 4 scrolls of enchant armour
 u - 2 scrolls of fear
 v - a scroll of identify
Potions
 e - 2 potions of haste
 f - 4 potions of magic
 g - 3 potions of berserk rage
 i - a potion of invisibility
 q - 2 potions of might
 z - a potion of heal wounds


   Skills:
 + Level 20.6 Fighting
 + Level 23.8 Axes
 + Level 14.3 Armour
 + Level 8.8 Dodging
 + Level 2.8 Stealth
 + Level 4.3 Unarmed Combat
 + Level 1.1 Evocations


You had 11 spell levels left.
You didn't know any spells.
Your spell library was empty.

Dungeon Overview and Level Annotations

Branches:
Dungeon (1/1)

Altars:
Cheibriados
Dithmenos
Elyvilon
Fedhas
Gozag
Hepliaklqana
Kikubaaqudgha
Makhleb
Nemelex Xobeh
Okawaru
Qazlal
Ru
Sif Muna
Trog
Uskayaw
Vehumet
Wu Jian
Xom
Yredelemnul
Zin
The Shining One
Beogh
Jiyva
Lugonu

Shops:
D (*


Message History

The orc high priest is severely wounded.
The orc high priest completely misses you.
You closely miss the orc high priest.
The orc high priest is severely wounded.
The orc knight no longer looks unusually strong.
The orc high priest shouts, "Join the one true god or die!"
The orc high priest hits you with a +1 broad axe of electrocution.
Unknown command.
You slice the orc high priest!!
You kill the orc high priest!
Trog accepts your kill.
The sixfirhy disappears in a puff of smoke!
You hit the orc knight.
The orc knight is lightly wounded.
The orc knight completely misses you.
Unknown command.
You hit the orc knight.
The orc knight is lightly wounded.
The orc knight hits you from afar with a +2 glaive.
The orc knight hits you with a +0 war axe!!
The orc knight hits you from afar with a +2 glaive!
The orc knight hits you with a +0 war axe!
* * * LOW HITPOINT WARNING * * *
You slice the orc knight like a ripe choko!!!
The orc knight is severely wounded.
The orc knight no longer looks unusually strong.
The orc knight roars a battlecry!
The orc knights go into a battle-frenzy!
The orc knight hits you with a +0 war axe!
* * * LOW HITPOINT WARNING * * *
You feel better.
The orc knight no longer looks unusually strong.
The orc knight roars a battlecry!
The orc knight hits you but does no damage.
You slice the orc knight!!
The orc knight is almost dead.
The orc knight hits you with a +0 war axe!
* * * LOW HITPOINT WARNING * * *
The orc knight hits you from afar with a +2 glaive!
You die...

_______________'.?)......[))...((
▓▓▓▓▓▓▓▓▓▓▓▓▓▓▓▓▓▓▓▓▓▓▓▓▓▓▓▓▓▓▓▓▓
.................................
▓▓▓▓▓▓▓▓▓▓▓▓▓▓▓▓▓▓▓▓▓▓▓▓▓▓▓▓▓▓▓▓▓
.....††.)††...)†..).....(!?.'..[.
▓▓▓▓▓▓▓▓▓▓▓▓▓▓▓▓▓▓▓▓▓▓▓▓▓▓▓▓▓▓▓▓▓
...................)..........)..
▓▓▓▓▓▓▓▓▓▓▓▓▓▓▓▓▓▓▓▓▓▓▓▓▓▓▓▓▓▓▓▓▓
.')))))))))...))@ooo∩.∩.
▓▓▓▓▓▓▓▓▓▓▓▓▓▓▓▓▓▓▓▓▓▓▓▓


You could see 3 orc knights.

Vanquished Creatures
  Josephine (D)
  2 hydras (D)
  A boulder beetle (D)
  3 orc high priests (D)
  A deep troll (shapeshifter) (D)
  4 orc knights (D)
  A cyclops (D)
  Maurice (D)
  Joseph (D)
  A black mamba (D)
  A cane toad (D)
  A komodo dragon (D)
  2 rime drakes (D)
  A polar bear (D)
  3 blink frogs (D)
  A dream sheep (D)
  A shadow (D)
  5 wraiths (D)
  2 yaks (D)
  2 wargs (D)
  An acid dragon (D)
  2 water moccasins (D)
  4 hell hounds (D)
  9 orc warriors (D)
  An ice beast (D)
  2 wolves (D)
  2 centaurs (D)
  A bullfrog (D)
  A jelly (D)
  3 orc priests (D)
  7 orc wizards (D)
  A hell rat (D)
  An adder (D)
  6 orcs (D)
  2 endoplasms (D)
  A hobgoblin (D)
  A quokka (D)
  A rat (D)
81 creatures vanquished.

Vanquished Creatures (collateral kills)
  A centaur warrior (D)
  An orc knight (D)
  2 cyclopes (D)
  An efreet (D)
  2 orc warriors (D)
7 creatures vanquished.

Grand Total: 88 creatures vanquished

Notes
Turn   | Place    | Note
-------+----------+-------------------------------------------
     0 | D        | sircluck the Hill Orc Berserker began the quest for the
                  | Orb.
     0 | D        | Reached XP level 1. HP: 19/19 MP: 1/1
    12 | D        | Reached ** piety under Trog
    18 | D        | Reached skill level 5 in Axes
    76 | D        | Noticed an ice beast
    76 | D        | Noticed a jelly
    76 | D        | Noticed an orc wizard
    87 | D        | Killed an ice beast
    88 | D        | Reached skill level 8 in Axes
    88 | D        | Reached XP level 2. HP: 30/34 MP: 2/2
    88 | D        | Reached XP level 3. HP: 34/39 MP: 3/3
    88 | D        | Reached XP level 4. HP: 41/47 MP: 4/4
    88 | D        | Reached *** piety under Trog
    89 | D        | Reached skill level 9 in Axes
    89 | D        | Reached XP level 5. HP: 47/53 MP: 5/5
   109 | D        | Reached skill level 10 in Axes
   256 | D        | Found a roughly hewn altar of Beogh.
   256 | D        | Found a snail-covered altar of Cheibriados.
   256 | D        | Found a shadowy altar of Dithmenos.
   256 | D        | Found a white marble altar of Elyvilon.
   256 | D        | Found a blossoming altar of Fedhas.
   256 | D        | Found an opulent altar of Gozag.
   257 | D        | Found a hazy altar of Hepliaklqana.
   258 | D        | Found a viscous altar of Jiyva.
   259 | D        | Found an ancient bone altar of Kikubaaqudgha.
   260 | D        | Found a corrupted altar of Lugonu.
   261 | D        | Found a burning altar of Makhleb.
   262 | D        | Found a sparkling altar of Nemelex Xobeh.
   263 | D        | Found an iron altar of Okawaru.
   264 | D        | Found a stormy altar of Qazlal.
   265 | D        | Found a sacrificial altar of Ru.
   266 | D        | Found a shimmering blue altar of Sif Muna.
   267 | D        | Found a bloodstained altar of Trog.
   268 | D        | Found a hide-covered altar of Uskayaw.
   269 | D        | Found a radiant altar of Vehumet.
   270 | D        | Found an ornate altar of the Wu Jian Council.
   271 | D        | Found a shimmering altar of Xom.
   272 | D        | Found a basalt altar of Yredelemnul.
   273 | D        | Found a glowing silver altar of Zin.
   274 | D        | Found a glowing golden altar of the Shining One.
   325 | D        | Noticed an acid dragon
   325 | D        | Noticed a yak
   325 | D        | Noticed a shadow
   325 | D        | Noticed a centaur
   325 | D        | Noticed a centaur
   332 | D        | Killed an acid dragon
   332 | D        | Reached **** piety under Trog
   333 | D        | Reached skill level 11 in Axes
   333 | D        | Reached XP level 6. HP: 38/64 MP: 6/6
   341 | D        | Killed a yak
   342 | D        | Reached skill level 10 in Fighting
   342 | D        | Reached skill level 12 in Axes
   342 | D        | Reached skill level 5 in Armour
   342 | D        | Killed a shadow
   343 | D        | Reached skill level 13 in Axes
   343 | D        | Reached XP level 7. HP: 35/73 MP: 7/7
   350 | D        | Reached skill level 14 in Axes
   350 | D        | Reached ***** piety under Trog
   509 | D        | Noticed a cyclops
   509 | D        | Noticed a cyclops
   509 | D        | Noticed an efreet
   509 | D        | Noticed a centaur warrior
   509 | D        | Noticed a cyclops
   509 | D        | Noticed a deep troll
   518 | D        | Killed a cyclops
   519 | D        | Reached skill level 15 in Axes
   519 | D        | Reached skill level 5 in Dodging
   519 | D        | Reached XP level 8. HP: 84/84 MP: 8/8
   520 | D        | Killed a cyclops
   521 | D        | Reached skill level 16 in Axes
   522 | D        | Killed an efreet
   523 | D        | Reached skill level 17 in Axes
   523 | D        | Reached XP level 9. HP: 93/93 MP: 9/9
   524 | D        | Killed a centaur warrior
   525 | D        | Reached skill level 18 in Axes
   534 | D        | Killed a cyclops
   538 | D        | Killed a deep troll
   539 | D        | Reached skill level 19 in Axes
   539 | D        | Reached skill level 1 in Stealth
   684 | D        | Noticed a komodo dragon
   684 | D        | Noticed a rime drake
   685 | D        | Noticed a four-headed hydra
   689 | D        | Killed a komodo dragon
   692 | D        | Reached XP level 10. HP: 104/104 MP: 10/10
   693 | D        | Noticed a black mamba
   694 | D        | Received a gift from Trog
   695 | D        | Reached skill level 15 in Fighting
   695 | D        | Reached skill level 20 in Axes
   696 | D        | Noticed a boulder beetle
   713 | D        | Killed a 15-headed hydra
   717 | D        | Killed a black mamba
   723 | D        | Reached skill level 21 in Axes
   723 | D        | Reached skill level 10 in Armour
   732 | D        | Killed a boulder beetle
   949 | D        | Noticed a cane toad
   953 | D        | Killed a cane toad
   954 | D        | Noticed a five-headed hydra
   961 | D        | Reached ****** piety under Trog
   964 | D        | Reached XP level 11. HP: 116/116 MP: 11/11
   967 | D        | Received a gift from Trog
   977 | D        | Killed an 11-headed hydra
   978 | D        | Reached skill level 1 in Evocations
  1063 | D        | Received a gift from Trog
  1086 | D        | Received a gift from Trog
  1087 | D        | Reached skill level 22 in Axes
  1159 | D        | Noticed Maurice
  1190 | D        | Killed Maurice
  1451 | D        | Noticed Josephine
  1459 | D        | Killed Josephine
  1460 | D        | Reached skill level 1 in Unarmed Combat
  1472 | D        | Received a gift from Trog
  1546 | D        | Noticed Joseph
  1554 | D        | Killed Joseph
  1643 | D        | Received a gift from Trog
  1660 | D        | Received a gift from Trog
  1781 | D        | Noticed an orc knight
  1790 | D        | Killed an orc knight
  1812 | D        | Received a gift from Trog
  1864 | D        | Found Xumuuclece's Weapon Emporium.
  1864 | D        | Noticed an orc knight
  1864 | D        | Noticed an orc knight
  1864 | D        | Noticed an orc knight
  1864 | D        | Noticed an orc high priest
  1864 | D        | Noticed an orc knight
  1865 | D        | Noticed an orc high priest
  1869 | D        | Killed an orc knight
  1870 | D        | Reached skill level 23 in Axes
  1872 | D        | Noticed an orc high priest
  1873 | D        | Killed an orc knight
  1873 | D        | Received a gift from Trog
  1874 | D        | Reached XP level 12. HP: 132/132 MP: 12/12
  1874 | D        | Found Fiedal's Assorted Antiques.
  1884 | D        | Killed an orc high priest
  1895 | D        | Killed an orc high priest
  1906 | D        | Killed an orc high priest
  1911 | D        | Slain by an orc knight

Illustrated notes

Levels and vault maps discovered:
D:        linesprint [early_d, line_temple, items_1, d_10, items_2, lair_1,
          lair_end, items_3, orc_1, orc_end, items_4, d_15, swamp_1, shoals_1,
          snake_1, spider_1, d_20, vaults_1, items_5, swamp_end, shoals_end,
          snake_end, spider_end, vaults_end, d_27, items_6, zot_1, zot_end,
          crypt_end, forest_end, elf_end, slime_end, tomb_end, abyss_end,
          pan_hell_end]

Skill      XL: |  1  2  3  4  5  6  7  8  9 10 11 12 |
---------------+-------------------------------------+-----
Fighting       | 7 9 10 12 13 14 16 19 20 | 20.6
Axes           | 8 9 11 13 15 17 19 21 23 | 23.8
Armour         | 3 4 5 6 7 8 11 13 14 | 14.3
Dodging        | 2 3 4 5 6 7 8 |  8.8
Stealth        | 1 2 |  2.8
Evocations     | 1 |  1.1
Unarmed Combat | 3 4 |  4.3

Action                     |  1- 3 |  4- 6 |  7- 9 | 10-12 || total
---------------------------+-------+-------+-------+-------++-------
  Melee: Hand axe          |    24 |    25 |       |       ||    49
         Broad axe         |       |    16 |    12 |       ||    28
         War axe           |       |       |     6 |    31 ||    37
         Battleaxe         |       |       |       |   178 ||   178
         Punch             |       |       |       |     2 ||     2
         Unarmed           |       |       |       |    14 ||    14
 Invoke: Berserk           |     1 |     1 |     2 |     2 ||     6
         Brothers in Arms  |       |       |     1 |     1 ||     2
  Evoke: Wand              |       |       |       |     1 ||     1
    Use: Potion            |       |       |     2 |     4 ||     6
         Scroll            |       |       |       |     2 ||     2
 Armour: Animal skin       |     1 |     5 |       |       ||     6
         Chain mail        |       |     8 |    16 |    90 ||   114
  Dodge: Dodged            |     8 |    16 |     9 |    98 ||   131

Table legend: (Time is in decaauts)
 A = Elapsed time spent in this place.
 B = Non-inter-level travel time spent in this place.
 C = Inter-level travel time spent in this place.
 D = Time resting spent in this place.
 E = Time spent auto-exploring this place.
 F = Levels seen in this place.
 G = Mean time per level.
                   A        B        C        D        E       F      G
               +--------+--------+--------+--------+--------+-----+--------+
         Total |   1887 |   1887 |      0 |    232 |    952 |   1 | 1887.0 |
       Dungeon |   1887 |   1887 |      0 |    232 |    952 |   1 | 1887.0 |
               +--------+--------+--------+--------+--------+-----+--------+

Top non-repeatable levels by time:
       D: 1887 daAuts
